PBL
AMARILLO THUNDERHEADS @ PORTLAND ANGELS
08/13/2045
 
TOP OF THE 1ST
Amarillo ThunderHeads batting - Pitching for Portland Angels : LHP Adrian Orosco
Pitching: LHP Adrian Orosco
Batting: RHB Sal Cervantes 0-0: Fly out, F9 (Flyball, 9LS, EV 89.4 MPH)
Batting: LHB Santino Pisanello 0-0: Called Strike
0-1: Ball
1-1: Foul Ball, location: 2F
1-2: Ball
2-2: SINGLE (Groundball, 25, EV 72.5 MPH) (infield hit)
Batting: RHB Jerry Foster 0-0: Called Strike
0-1: Fly out, F7 (Flyball, 7, EV 90.6 MPH)
Batting: RHB Elias Sagrero 0-0: Ball
1-0: Called Strike
1-1: Ball
2-1: Foul Ball, location: 2F
2-2: SINGLE (Flyball, 8LS, EV 98.1 MPH)
Santino Pisanello to second
Batting: RHB Ron Squires 0-0: Ground out 4-3 (Groundball, 4, EV 107.5 MPH)
Top of the 1st over - 0 runs, 2 hits, 0 errors, 2 left on base; Amarillo 0 - Portland 0
BOTTOM OF THE 1ST
Portland Angels batting - Pitching for Amarillo ThunderHeads : RHP Nick Kempson
Pitching: RHP Nick Kempson
Batting: RHB Daniel Molina 0-0: Foul Ball, location: 2F
0-1: Ground out 4-3 (Groundball, 4, EV 82.5 MPH)
Batting: RHB Timoleon Tsikouna 0-0: Foul Ball, location: 2F
0-1: Ball
1-1: Ball
2-1: Ground out 6-3 (Groundball, 6, EV 76.9 MPH)
Batting: LHB Jonathon Walton 0-0: Ball
1-0: Ball
2-0: Ball
3-0: Base on Balls
Batting: RHB Nick Lombardo 0-0: Called Strike
0-1: Foul Ball, location: 2F
0-2: DOUBLE (Line Drive, 7D, EV 97.5 MPH)
Jonathon Walton to third
Jonathon Walton scores
Batting: RHB Josh Faulconer 0-0: Foul Ball, location: 2F
0-1: Ball
1-1: Foul Ball, location: 2F
1-2: Foul Ball, location: 2F
1-2: SINGLE (Flyball, 4MD, EV 93.1 MPH)
Nick Lombardo to third
Runner from 3rd tries for Home, SAFE, throw by CF to home
Batting: RHB Dan Myers 0-0: Called Strike
Josh Faulconer steals 2nd base
0-1: Ball
1-1: Called Strike
1-2: Strikes out swinging
Bottom of the 1st over - 2 runs, 2 hits, 0 errors, 1 left on base; Amarillo 0 - Portland 2
TOP OF THE 2ND
Amarillo ThunderHeads batting - Pitching for Portland Angels : LHP Adrian Orosco
Batting: RHB Bill Flannery 0-0: Reached on error, E5 (Groundball, 56S, EV 90.6 MPH)
Batting: RHB Eric Juarez 0-0: Ball
1-0: Foul Ball, location: 2F
1-1: Ball
2-1: Fly out, F8 (Line Drive, 8RM, EV 95.6 MPH)
Batting: RHB Jose Barboza 0-0: Swinging Strike
0-1: Ground out 4-3 (Groundball, 4, EV 98.8 MPH)
Bill Flannery to third
Batting: SHB Tyler Romo 0-0: Ball
Wild Pitch!
Bill Flannery scores
1-0: Fly out, F7 (Flyball, 7S, EV 86.2 MPH)
Top of the 2nd over - 1 run, 0 hits, 1 error, 0 left on base; Amarillo 1 - Portland 2
BOTTOM OF THE 2ND
Portland Angels batting - Pitching for Amarillo ThunderHeads : RHP Nick Kempson
Batting: SHB Danny Gelinas 0-0: Ball
1-0: Called Strike
1-1: Ball
2-1: Fly out, F8 (Flyball, 89XD, EV 98.1 MPH)
Batting: RHB Rory Cobb 0-0: Swinging Strike
0-1: Ball
1-1: Called Strike
1-2: Ground out 3-1 (Groundball, 34, EV 83.1 MPH)
Batting: RHB Carlos Gonzales 0-0: Ball
1-0: Ball
2-0: Called Strike
2-1: Ball
3-1: Foul Ball, location: 2F
3-2: Base on Balls
Batting: RHB Daniel Molina 0-0: Called Strike
0-1: Called Strike
0-2: Foul Ball, location: 2F
0-2: Ball
1-2: Ball
Carlos Gonzales steals 2nd base
2-2: Strikes out swinging
Bottom of the 2nd over - 0 runs, 0 hits, 0 errors, 1 left on base; Amarillo 1 - Portland 2
TOP OF THE 3RD
Amarillo ThunderHeads batting - Pitching for Portland Angels : LHP Adrian Orosco
Batting: RHB Sal Cervantes 0-0: Ball
1-0: SOLO HOME RUN (Flyball, 7D, EV 96.2 MPH), Distance : 359 ft
Batting: LHB Santino Pisanello 0-0: Fly out, F8 (Flyball, 8RD, EV 83.1 MPH)
Batting: RHB Jerry Foster 0-0: Foul Ball, location: 2F
0-1: Ball
1-1: Foul Ball, location: 2F
1-2: DOUBLE (Flyball, 9LD, EV 101.9 MPH)
Batting: RHB Elias Sagrero 0-0: Swinging Strike
0-1: Foul Ball, location: 2F
0-2: Ball
1-2: Fly out, F7 (Flyball, 7D, EV 96.9 MPH)
Batting: RHB Ron Squires 0-0: Ball
1-0: Called Strike
1-1: Ball
2-1: Ball
3-1: Called Strike
3-2: Base on Balls
Batting: RHB Bill Flannery 0-0: Fly out, F5 (Popup, 56S, EV 85.6 MPH)
Top of the 3rd over - 1 run, 2 hits, 0 errors, 2 left on base; Amarillo 2 - Portland 2
BOTTOM OF THE 3RD
Portland Angels batting - Pitching for Amarillo ThunderHeads : RHP Nick Kempson
Batting: RHB Timoleon Tsikouna 0-0: Called Strike
0-1: Foul Ball, location: 2F
0-2: Ball
1-2: Ground out 6-3 (Groundball, 56, EV 91.2 MPH)
Batting: LHB Jonathon Walton 0-0: Ball
1-0: Called Strike
1-1: Ball
2-1: DOUBLE (Line Drive, 89D, EV 101.9 MPH)
Batting: RHB Nick Lombardo 0-0: Ball
Jonathon Walton steals 3rd base
1-0: Called Strike
1-1: Swinging Strike
1-2: Ball
2-2: Foul Ball, location: 2F
2-2: Foul Ball, location: 2F
2-2: Foul Ball, location: 2F
2-2: Ball
3-2: Strikes out swinging
Batting: RHB Josh Faulconer 0-0: Ball
1-0: Foul Ball, location: 2F
1-1: Ball
2-1: Foul Ball, location: 2F
2-2: Ball
3-2: Ground out 6-3 (Groundball, 6, EV 84.4 MPH)
Bottom of the 3rd over - 0 runs, 1 hit, 0 errors, 1 left on base; Amarillo 2 - Portland 2
TOP OF THE 4TH
Amarillo ThunderHeads batting - Pitching for Portland Angels : LHP Adrian Orosco
Batting: RHB Eric Juarez 0-0: Ground out 6-3 (Groundball, 6M, EV 108.8 MPH)
Batting: RHB Jose Barboza 0-0: Ground out U3 (Groundball, 3S, EV 69.4 MPH)
Batting: SHB Tyler Romo 0-0: Ball
1-0: Ball
2-0: Ball
3-0: Base on Balls
Batting: RHB Sal Cervantes 0-0: Ball
1-0: Fly out, F8 (Flyball, 8RD, EV 108.8 MPH)
Top of the 4th over - 0 runs, 0 hits, 0 errors, 1 left on base; Amarillo 2 - Portland 2
BOTTOM OF THE 4TH
Portland Angels batting - Pitching for Amarillo ThunderHeads : RHP Nick Kempson
Batting: RHB Dan Myers 0-0: Ball
1-0: Ball
2-0: Called Strike
2-1: TRIPLE (Flyball, 78XD, EV 97.5 MPH)
Batting: SHB Danny Gelinas 0-0: 2-RUN HOME RUN (Flyball, 9LD, EV 99.4 MPH), Distance : 379 ft
Batting: RHB Rory Cobb 0-0: Ball
1-0: Fly out, F7 (Flyball, 7LM, EV 88.8 MPH)
Batting: RHB Carlos Gonzales 0-0: Called Strike
0-1: Foul Ball, location: 2F
0-2: Ball
1-2: Ball
2-2: Ball
3-2: Fly out, F6 (Flyball, 56D, EV 89.4 MPH)
Batting: RHB Daniel Molina 0-0: Foul Ball, location: 2F
0-1: Fly out, F3 (Popup, 3SF, EV 84.4 MPH)
Bottom of the 4th over - 2 runs, 2 hits, 0 errors, 0 left on base; Amarillo 2 - Portland 4
TOP OF THE 5TH
Amarillo ThunderHeads batting - Pitching for Portland Angels : LHP Adrian Orosco
Batting: LHB Santino Pisanello 0-0: SINGLE (Groundball, 4D, EV 102.5 MPH)
Batting: RHB Jerry Foster 0-0: Called Strike
0-1: Ball
1-1: Foul Ball, location: 2F
1-2: Ball
2-2: Ball
3-2: Foul Ball, location: 2F
3-2: 2-RUN HOME RUN (Flyball, 7LD, EV 91.9 MPH), Distance : 340 ft
Batting: RHB Elias Sagrero 0-0: SOLO HOME RUN (Flyball, 89XD, EV 96.9 MPH), Distance : 374 ft
Batting: RHB Ron Squires 0-0: Ball
1-0: Foul Ball, location: 2F
1-1: SINGLE (Groundball, 6MD, EV 108.1 MPH)
Pitching: LHP Alberto Carrillo
Batting: RHB Bill Flannery 0-0: Reached on error, E4 (Groundball, 4, EV 104.4 MPH)
Ron Squires to second
Batting: RHB Eric Juarez 0-0: Fielders Choice at 2nd, 5-4 (Groundball, 5S, EV 91.9 MPH)
Ron Squires to third
Batting: RHB Jose Barboza 0-0: Swinging Strike
0-1: Swinging Strike
0-2: Ball
1-2: Ball
2-2: Strikes out looking
Batting: SHB Tyler Romo 0-0: Ball
1-0: Fielders Choice at 2nd, 6-4 (Groundball, 6, EV 105.6 MPH)
Top of the 5th over - 3 runs, 4 hits, 1 error, 2 left on base; Amarillo 5 - Portland 4
BOTTOM OF THE 5TH
Portland Angels batting - Pitching for Amarillo ThunderHeads : RHP Nick Kempson
Batting: RHB Timoleon Tsikouna 0-0: Ball
1-0: Called Strike
1-1: Ball
2-1: Ball
3-1: Base on Balls
Batting: LHB Jonathon Walton 0-0: Ball
1-0: Ball
Timoleon Tsikouna steals 2nd base
2-0: Foul Ball, location: 2F
2-1: Ball
3-1: Ground out 4-3 (Groundball, 13, EV 85.0 MPH)
Timoleon Tsikouna to third
Batting: RHB Nick Lombardo 0-0: Called Strike
0-1: Ball
1-1: Called Strike
1-2: Strikes out looking
Batting: RHB Josh Faulconer 0-0: Called Strike
0-1: Ball
1-1: Swinging Strike
1-2: Ball
2-2: Ball
3-2: Fly out, F9 (Flyball, 9LS, EV 88.1 MPH)
Bottom of the 5th over - 0 runs, 0 hits, 0 errors, 1 left on base; Amarillo 5 - Portland 4
TOP OF THE 6TH
Amarillo ThunderHeads batting - Pitching for Portland Angels : LHP Alberto Carrillo
Batting: RHB Sal Cervantes 0-0: Called Strike
0-1: Ball
1-1: Ball
2-1: Ground out 4-3 (Groundball, 4S, EV 86.2 MPH)
Batting: LHB Santino Pisanello 0-0: Fly out, F7 (Flyball, 7, EV 89.4 MPH)
Batting: RHB Jerry Foster 0-0: Ball
1-0: Called Strike
1-1: Ball
2-1: Called Strike
2-2: Fly out, F8 (Line Drive, 8RD, EV 90.6 MPH)
Top of the 6th over - 0 runs, 0 hits, 0 errors, 0 left on base; Amarillo 5 - Portland 4
BOTTOM OF THE 6TH
Portland Angels batting - Pitching for Amarillo ThunderHeads : RHP Nick Kempson
Pitching: RHP Javier Carrasco
Batting: RHB Dan Myers 0-0: Called Strike
0-1: Called Strike
0-2: Ball
1-2: Ball
2-2: Strikes out looking
Batting: SHB Danny Gelinas 0-0: Called Strike
0-1: Hit by Pitch
Pinch Hitting: RHB Noah Pena 0-0: Reached on error, E5 (Groundball, 56, EV 81.9 MPH)
Danny Gelinas to second
Pinch Hitting: RHB Trevor Kingston 0-0: Ball
1-0: SINGLE (Line Drive, 56D, EV 96.9 MPH)
Danny Gelinas to third
Noah Pena to second
Batting: RHB Daniel Molina 0-0: Ball
1-0: SINGLE (Groundball, 6D, EV 95.0 MPH)
Danny Gelinas scores
Noah Pena to third
Trevor Kingston to second
Batting: RHB Timoleon Tsikouna 0-0: Ball
1-0: Ball
2-0: Ball
3-0: Called Strike
3-1: Base on Balls
Noah Pena scores
Trevor Kingston to third
Daniel Molina to second
Batting: LHB Jonathon Walton 0-0: Fly out, F8 (Flyball, 78D, EV 99.4 MPH)
Runner from 3rd tags up, SCORES, throw by CF
Batting: RHB Nick Lombardo 0-0: SINGLE (Flyball, 8RS, EV 95.6 MPH)
Daniel Molina to third
Timoleon Tsikouna to second
Runner from 3rd tries for Home, SAFE, throw by CF to home
Pitching: LHP Pat Mena
Now in CF: Sam Voss
Batting: RHB Josh Faulconer 0-0: Ball
1-0: Ball
2-0: Called Strike
2-1: Foul Ball, location: 2F
2-2: Ball
Passed Ball!
Timoleon Tsikouna to third
Nick Lombardo to second
3-2: SINGLE (Line Drive, 78S, EV 86.9 MPH)
Timoleon Tsikouna scores
Nick Lombardo to third
Batting: RHB Dan Myers 0-0: Called Strike
0-1: Ground out 5-3 (Groundball, 56, EV 101.2 MPH)
Bottom of the 6th over - 5 runs, 4 hits, 1 error, 2 left on base; Amarillo 5 - Portland 9
TOP OF THE 7TH
Amarillo ThunderHeads batting - Pitching for Portland Angels : LHP Alberto Carrillo
Now in CF: Sean Rocha
Now in RF: Ricky Mejicanos
Batting: RHB Elias Sagrero 0-0: Swinging Strike
0-1: Ball
1-1: Ball
2-1: Fly out, F6 (Popup, 6, EV 57.5 MPH)
Batting: RHB Sam Voss 0-0: Ball
1-0: Foul Ball, location: 2F
1-1: Ground out 5-3 (Groundball, 56S, EV 89.4 MPH)
Batting: RHB Bill Flannery 0-0: Foul Ball, location: 2F
0-1: Ball
1-1: Foul Ball, location: 2F
1-2: Foul Ball, location: 2F
1-2: Ball
2-2: Ground out 4-3 (Groundball, 4S, EV 87.5 MPH)
Top of the 7th over - 0 runs, 0 hits, 0 errors, 0 left on base; Amarillo 5 - Portland 9
BOTTOM OF THE 7TH
Portland Angels batting - Pitching for Amarillo ThunderHeads : LHP Pat Mena
Pitching: RHP Jim Sawicki
Batting: SHB Danny Gelinas 0-0: Called Strike
0-1: Ball
1-1: Swinging Strike
1-2: Strikes out swinging
Batting: RHB Ricky Mejicanos 0-0: Called Strike
0-1: Ball
1-1: Ball
2-1: Ball
3-1: Foul Ball, location: 2F
3-2: Fly out, F9 (Flyball, 9D, EV 77.5 MPH)
Batting: RHB Sean Rocha 0-0: Ball
1-0: Hit by Pitch
Batting: RHB Daniel Molina 0-0: Called Strike
Sean Rocha steals 2nd base
0-1: Ball
1-1: Called Strike
1-2: Ball
2-2: Fly out, F8 (Flyball, 78S, EV 89.4 MPH)
Bottom of the 7th over - 0 runs, 0 hits, 0 errors, 1 left on base; Amarillo 5 - Portland 9
TOP OF THE 8TH
Amarillo ThunderHeads batting - Pitching for Portland Angels : LHP Alberto Carrillo
Batting: RHB Eric Juarez 0-0: Called Strike
0-1: Foul Ball, location: 2F
0-2: Ground out U3 (Groundball, 34S, EV 67.5 MPH)
Batting: RHB Jose Barboza 0-0: Called Strike
0-1: Called Strike
0-2: Foul Ball, location: 2F
0-2: Ball
1-2: Ball
2-2: Foul Ball, location: 2F
2-2: Ball
3-2: Base on Balls
Batting: SHB Tyler Romo 0-0: Grounds into double play, 6-4-3 (Groundball, 56, EV 86.2 MPH)
Top of the 8th over - 0 runs, 0 hits, 0 errors, 0 left on base; Amarillo 5 - Portland 9
BOTTOM OF THE 8TH
Portland Angels batting - Pitching for Amarillo ThunderHeads : RHP Jim Sawicki
Pitching: LHP Matt Hawk
Batting: RHB Timoleon Tsikouna 0-0: Foul Ball, location: 2F
0-1: Swinging Strike
0-2: Foul Ball, location: 2F
0-2: Ball
1-2: Ball
2-2: Ball
3-2: SINGLE (Line Drive, 34D, EV 100.0 MPH)
Batting: LHB Jonathon Walton 0-0: Foul Ball, location: 2F
0-1: Called Strike
0-2: Ball
1-2: Foul Ball, location: 2F
1-2: Ball
2-2: Ball
3-2: Foul Ball, location: 2F
3-2: Strikes out swinging
Timoleon Tsikouna steals 2nd base
Batter strikes out.
Batting: RHB Nick Lombardo 0-0: Fly out, F8 (Flyball, 8RM, EV 93.8 MPH)
Batting: RHB Josh Faulconer 0-0: Foul Ball, location: 2F
0-1: Ball
1-1: Ball
2-1: Foul Ball, location: 2F
2-2: Foul Ball, location: 2F
2-2: SINGLE (Line Drive, 4M, EV 102.5 MPH)
Timoleon Tsikouna to third
Runner from 3rd tries for Home, SAFE, throw by CF to home
Batting: RHB Dan Myers 0-0: Called Strike
Josh Faulconer is caught stealing 2nd base 2-4
Bottom of the 8th over - 1 run, 2 hits, 0 errors, 0 left on base; Amarillo 5 - Portland 10
TOP OF THE 9TH
Amarillo ThunderHeads batting - Pitching for Portland Angels : LHP Alberto Carrillo
Batting: RHB Sal Cervantes 0-0: Ground out U3 (Groundball, 3, EV 97.5 MPH)
Batting: LHB Santino Pisanello 0-0: Ball
1-0: Ground out 4-3 (Groundball, 4, EV 103.1 MPH)
Batting: RHB Jerry Foster 0-0: Ball
1-0: Called Strike
1-1: Ball
2-1: Ball
3-1: SINGLE (Groundball, 56D, EV 108.1 MPH)
Batting: RHB Elias Sagrero 0-0: 2-RUN HOME RUN (Flyball, 7D, EV 98.8 MPH), Distance : 362 ft
Batting: RHB Sam Voss 0-0: Ball
1-0: Foul Ball, location: 2F
1-1: Ground out U3 (Groundball, 34, EV 81.9 MPH)
Top of the 9th over - 2 runs, 2 hits, 0 errors, 0 left on base; Amarillo 7 - Portland 10
Wednesday, June 22nd , 2022 - OOTP Baseball 23.4 Build 64